 Dungeon Crawl Stone Soup version 0.31.0-11-ge490571c62 (webtiles) character file.

Game seed: 7505448126983796638

359 qw the Skirmisher (level 6, -6/36 HPs)
             Began as a Deep Elf Hunter on Feb 3, 2024.
             Mangled by an iguana (7 damage)
             ... on level 5 of the Dungeon.
             The game lasted 00:00:08 (2063 turns).

qw the Skirmisher (Deep Elf Hunter)                 Turns: 2063, Time: 00:00:09

Health: -6/36      AC: 10    Str: 10    XL:     6   Next: 37%
Magic:  8/8        EV: 11    Int: 14    God:
Gold:   17         SH:  0    Dex: 18    Spells: 5/5 levels left

rFire   . . .        a - +0 shortbow
rCold   . . .        (shield currently unavailable)
rNeg    . . .        k - +1 ring mail
rPois   .            (no helmet)
rElec   .            (no cloak)
rCorr   +            (no gloves)
SInv    .            (no boots)
Will    .....        (no amulet)
Stlth   +            h - +4 ring of protection
HPRegen 0.26/turn    m - ring of resist corrosion
MPRegen 0.11/turn

%: no passive effects
@: no status effects
A: no striking features
a: no special abilities


You were on level 5 of the Dungeon.
You visited 1 branch of the dungeon, and saw 4 of its levels.

You collected 157 gold pieces.
You spent 140 gold pieces at shops.


   Skills:
 - Level 2.3 Fighting
 + Level 9.7 Ranged Weapons
 - Level 2.4 Dodging
 - Level 1.2 Stealth


You had 5 spell levels left.
You didn't know any spells.
Your spell library was empty.

Inventory:

Hand Weapons
 a - a +0 shortbow (weapon)
Armour
 d - a +0 pair of gloves
 k - a +1 ring mail (worn)
Jewellery
 h - a +4 ring of protection (left hand)
 m - a ring of resist corrosion (right hand)
Scrolls
 c - a scroll of noise {unknown}
Potions
 b - a potion of attraction {unknown}
 e - 3 potions of curing
 f - a potion of enlightenment

Dungeon Overview and Level Annotations

Branches:
Dungeon (3/15)

Altars:

Shops:
D:2 :   D:5 !


Message History

The scorpion is heavily wounded.
The scorpion misses you.
You shoot an arrow. The arrow hits the scorpion.
The scorpion is severely wounded.
The scorpion stings you but does no damage. x2
You shoot an arrow. The arrow barely misses the scorpion.
The arrow hits the sleepcap.
You destroy the sleepcap!
The scorpion stings you but does no damage.
You shoot an arrow.
The arrow hits the scorpion but does no damage.
The scorpion is severely wounded.
The scorpion misses you.
You shoot an arrow. The arrow barely misses the scorpion.
The arrow hits the iguana but does no damage.
The scorpion barely misses you.
You shoot an arrow. The arrow hits the scorpion.
The scorpion is almost dead.
The scorpion stings you but does no damage.
The scorpion barely misses you.
You shoot an arrow. The arrow hits the scorpion.
You kill the scorpion!
You shoot an arrow. The arrow closely misses the iguana.
The iguana barely misses you.
You shoot an arrow. The arrow barely misses the iguana.
The iguana barely misses you.
You shoot an arrow.
The arrow hits the iguana but does no damage.
The iguana bites you!
You shoot an arrow.
The arrow hits the iguana but does no damage.
The iguana bites you!
You shoot an arrow.
The arrow hits the iguana but does no damage.
The iguana barely misses you. x2
You shoot an arrow. The arrow barely misses the iguana.
The iguana bites you!
You shoot an arrow. The arrow barely misses the iguana.
The iguana bites you!
You die...

### #.. # #.# .+ #.# #
..#+ #.# #.#####.....
####.####.#.........
#.......#......l#
####.##.##.###l#####.#
#.....#.##.###@##.....
###.....#.....##.....#
........####.....#.#....
###.....####.###........
###..........# #...####.
##.......##### #...#
##.#...#.# #...#
##.....#.# #...#
##.#.....# #...#


You could see an iguana.

Vanquished Creatures
  A black bear (D:5)
  2 scorpions (D:5)
  A bombardier beetle (D:3)
  An iguana (D:5)
  A sleepcap (D:5)
  3 dart slugs
  A ribbon worm (D:2)
  4 orcs (D:3)
  7 ball pythons
  5 endoplasms
  3 giant cockroaches (D:1)
  A goblin (D:1)
  5 hobgoblins
  3 jackals (D:3)
  5 kobolds
  3 quokkas
  8 bats
  4 frilled lizards
  8 rats
66 creatures vanquished.

Notes
Turn   | Place    | Note
-------+----------+-------------------------------------------
     0 | D:1      | qw the Deep Elf Hunter began the quest for the Orb.
     0 | D:1      | Reached XP level 1. HP: 12/12 MP: 3/3
     0 | D:1      | 0 ||| qw: Version: 0.3-a-155-g5e7d8dd
     0 | D:1      | 0 ||| qw: Game counter: 3427
     0 | D:1      | 0 ||| qw: Melee chars always use a shield: true
     0 | D:1      | 0 ||| qw: God list: Okawaru
     0 | D:1      | 0 ||| qw: Allow faded altars: false
     0 | D:1      | 0 ||| qw: Do Orc after clearing Dungeon:15 true
     0 | D:1      | 0 ||| qw: Do second Lair branch before Depths: true
     0 | D:1      | 0 ||| qw: Lair rune preference: random
     0 | D:1      | 0 ||| qw: Goals: Normal
     0 | D:1      | 0 ||| PLANNING D:1-11
   171 | D:1      | Reached skill level 6 in Ranged Weapons
   171 | D:1      | Reached XP level 2. HP: 14/16 MP: 4/4
   386 | D:1      | Reached XP level 3. HP: 20/20 MP: 5/5
   510 | D:1      | 510 ||| UPGRADING to +0 ring mail.
   520 | D:1      | 520 ||| DROPPING +0 leather armour.
   521 | D:1      | 521 ||| UPGRADING to +4 ring of protection.
   522 | D:1      | 522 ||| DROPPING ring of flight.
   523 | D:1      | 523 ||| DROPPING ring of wizardry.
   524 | D:1      | 524 ||| UPGRADING to ring of resist corrosion.
   525 | D:1      | 525 ||| READING scroll labelled MIJOYM MEC.
   626 | D:1      | 626 ||| READING scroll labelled DOAL FYOJAL.
   627 | D:1      | 627 ||| READING scroll labelled TANYATAN HUTU.
   627 | D:1      | 627 ||| ENCHANTING +0 ring mail.
   628 | D:1      | 628 ||| READING scroll labelled UROPLO IDGHU.
   629 | D:1      | 629 ||| READING scroll labelled GOQIQA ZECHOV.
   665 | D:1      | 665 ||| DROPPING scroll of butterflies.
   771 | D:2      | Found Gucruek's Book Shop.
  1101 | D:2      | Reached skill level 7 in Ranged Weapons
  1474 | D:2      | 1474 ||| READING scroll labelled WAILIU MIUCYGOUR.
  1475 | D:2      | 1475 ||| READING scroll labelled POFA GUAL.
  1475 | D:2      | 1475 ||| IDENTIFYING scroll labelled WOIT FUUK BAIHO
  1476 | D:2      | 1476 ||| DROPPING scroll of revelation.
  1653 | D:3      | Reached XP level 4. HP: 25/25 MP: 6/6
  1743 | D:3      | Reached skill level 8 in Ranged Weapons
  1768 | D:3      | You fall into a shaft and drop 2 floors!
  1768 | D:5      | Entered Level 5 of the Dungeon
  1814 | D:5      | Noticed a black bear
  1825 | D:5      | Killed a black bear
  1826 | D:5      | Reached skill level 9 in Ranged Weapons
  1826 | D:5      | Reached XP level 5. HP: 21/29 MP: 7/7
  1873 | D:5      | Reached XP level 6. HP: 25/36 MP: 8/8
  1948 | D:5      | Found Diokinoh's Distillery.
  1955 | D:5      | 1955 ||| BUYING 2 potions of curing (60 gold).
  1955 | D:5      | Bought 2 potions of curing for 60 gold pieces
  1955 | D:5      | 1955 ||| BUYING potion of curing (30 gold).
  1955 | D:5      | Bought a potion of curing for 30 gold pieces
  1955 | D:5      | 1955 ||| BUYING potion of enlightenment (50 gold).
  1955 | D:5      | Bought a potion of enlightenment for 50 gold pieces
  1955 | D:5      | 1955 ||| SHOPLISTING potion of haste (100 gold, have 5).
  1955 | D:5      | 1955 ||| SHOPLISTING potion of might (40 gold, have 5).
  1955 | D:5      | 1955 ||| SHOPLISTING potion of resistance (100 gold, have
                  | 5).
  2043 | D:5      | 2043 ||| RETREEEEATING.
  2044 | D:5      | 2044 ||| RETREEEEATING.
  2060 | D:5      | HP: 8/36 [iguana (7)]
  2062 | D:5      | HP: 1/36 [iguana (8)]
  2063 | D:5      | Mangled by an iguana

Levels and vault maps discovered:
D:1:      minmay_arrival_widening_spiral_wide, layout_rooms, corner_web_ring
D:2:      layout_basic, serial_shops, nicolae_shop_tiny_real_fake_doors
D:3:      layout_basic, minitemple, trog_wizard, minmay_misc_feat_square,
          hangedman_decor_lopped, kennysheep_crisscross, feat_on_display
D:5:      layout_loops_cross, kennysheep_mini_moat, serial_shops,
          nicolae_shop_temple_entry_statues_fountains

Skill      XL: |  1  2  3  4  5 |
---------------+----------------+-----
Ranged Weapons | 6 7 9 |  9.7
Fighting       | 2 |  2.3
Dodging        | |  2.4
Stealth        | |  1.2

Action                     |  1- 3 |  4- 6 || total
---------------------------+-------+-------++-------
   Fire: Shortbow          |   124 |    81 ||   205
    Use: Scroll            |     7 |       ||     7
 Armour: Leather armour    |     4 |       ||     4
         Ring mail         |    12 |    38 ||    50
  Dodge: Dodged            |    14 |    29 ||    43

Table legend:
 A = Non-vault XP
 B = Vault XP
 C = Vault XP percentage of total XP
 D = Non-vault monster count
 E = Vault monster count
 F = Vault count percentage of total count
                 A         B        C        D         E       F
            +---------+---------+-------+---------+---------+-------
      Total |     513 |       0 |   0.0 |      66 |       0 |   0.0
            +---------+---------+-------+---------+---------+-------
        D:1 |      41 |       0 |   0.0 |      25 |       0 |   0.0
        D:2 |      27 |       0 |   0.0 |      14 |       0 |   0.0
        D:3 |      83 |       0 |   0.0 |      22 |       0 |   0.0
        D:5 |     362 |       0 |   0.0 |       5 |       0 |   0.0
            +---------+---------+-------+---------+---------+-------
